 Seeded DCSS version 0.30.1-4-g462c640d31 (webtiles) character file.

Game seed: 5076729093574436694 (custom seed)

107 Psyclone the Stinger (level 4, 0/40 HPs)
             Began as an Octopode Venom Mage on Sept 18, 2023.
             Succumbed to Crazy Yiuf's poison
             ... on level 3 of the Dungeon.
             The game lasted 00:05:20 (2403 turns).

Psyclone the Stinger (Octopode Venom Mage)          Turns: 2403, Time: 00:05:21

Health: 0/40       AC: 22    Str:  7    XL:     4   Next: 85%
Magic:  1/7        EV:  2    Int: 19    God:
Gold:   140        SH:  5    Dex: 12    Spells: 1/7 levels left

rFire   . . .        a - +0 dagger
rCold   . . .        (no shield)
rNeg    . . .        (helmet currently unavailable)
rPois   +            m - amulet of reflection
rElec   .            (no ring)
rCorr   .            (no ring)
SInv    .            (no ring)
Will    .....        (no ring)
Stlth   ++           (no ring)
HPRegen 0.26/turn    (no ring)
MPRegen 0.10/turn    (no ring)
                     (no ring)

%: reflection
@: mighty, lethally poisoned (0 -> -8), tree-form
A: stationary, stasis, torment immunity, boosted hp, almost no armour,
(amphibious), 8 rings, (camouflage 1), (gelatinous body 1), (nimble swimmer 1),
(tentacles)
a: no special abilities


You were on level 3 of the Dungeon.
You were a tree.
You visited 1 branch of the dungeon, and saw 3 of its levels.

You collected 140 gold pieces.

Inventory:

Hand Weapons
 a - a +0 dagger (weapon)
Jewellery
 m - an amulet of reflection (around neck)
Scrolls
 b - a scroll of immolation {unknown}
 c - a scroll of amnesia {unknown}
 e - 5 scrolls of noise {unknown}
 f - a scroll of fog {unknown}
 h - a scroll of teleportation {unknown}
 j - a scroll of silence {unknown}
 l - a scroll of vulnerability {unknown}
 q - a scroll of enchant weapon {unknown}
Potions
 g - 3 potions of might
 i - a potion of resistance {unknown}
 k - a potion of haste {unknown}
 n - a potion of degeneration {unknown}
 o - a potion of brilliance {unknown}
 p - a potion of magic


   Skills:
 - Level 2.0 Dodging
 - Level 2.6 Stealth
 + Level 2.3 Spellcasting
 + Level 1.5 Transmutations
 + Level 1.0 Fire Magic
 + Level 5.8 Poison Magic


You had one spell level left.
You knew the following spells:

 Your Spells              Type           Power      Damage    Failure   Level
a - Poisonous Vapours     Pois/Air       26%        N/A       8%          2
b - Sting                 Tmut/Pois      64%        1d6       3%          1
s - Ignite Poison         Fire/Tmut/Pois 12%        N/A       16%         3

Your spell library contained the following spells:

 Spells                   Type           Power      Damage    Failure   Level
 Olgreb's Toxic Radiance  Pois           24%        N/A       16%         4
 Mephitic Cloud           Conj/Pois/Air  9%         N/A       22%         3
 Sticky Flame             Conj/Fire      4%         2d3       78%         4
 Summon Forest            Summ/Tloc      1%         N/A       99%         5
 Eringya's Noxious Bog    Tmut/Pois      8%         N/A       99%         6
 Summon Hydra             Summ           1%         N/A       100%        7
 Ignition                 Fire           3%         3d4       100%        8


Dungeon Overview and Level Annotations

Branches:
Dungeon (3/15) Zot: 15591

Altars:
The Shining One

Shops:
D:1 (   D:2 (


Innate Abilities, Weirdness & Mutations

You are a tree.
Your roots penetrate the ground, keeping you stationary.
You cannot be teleported.
You are immune to unholy pain and torment.
Your maximum health is greatly increased.
You cannot wear most types of armour.
((You are amphibious.))
You can wear up to eight rings at the same time.
((Your skin changes colour to match your surroundings (Stealth+).))
((Your rubbery body absorbs attacks. (AC +1, EV +1)))
((You are camouflaged when in or above water. (Stealth+)))
((You have tentacles for arms and can constrict up to eight enemies at once.))


Message History

Aim: Crazy Yiuf, wielding a +2 quarterstaff of chaos and wearing a +0 cloak (lightly wounded, poisoned) Poisonous vapours surround Crazy Yiuf!
Crazy Yiuf looks even sicker.
You now have 3/7 mp.
Casting: Poisonous Vapours (safe; 8% risk of failure)
Confirm with . or Enter, or press ? or * to list all spells.
Aiming: Poisonous Vapours (safe; 8% risk of failure)
Press: ? - help, Dir - move target, f/p - Crazy Yiuf
Aim: Crazy Yiuf, wielding a +2 quarterstaff of chaos and wearing a +0 cloak (lightly wounded, very poisoned) Poisonous vapours surround Crazy Yiuf!
Crazy Yiuf looks even sicker.
Crazy Yiuf grits, "Spliff!"
You now have 1/7 mp.
You closely miss Crazy Yiuf. You grab Crazy Yiuf.
You squeeze Crazy Yiuf, but do no damage.
Crazy Yiuf is lightly wounded.
You constrict Crazy Yiuf, but do no damage.
You block Crazy Yiuf's attack.
You hit Crazy Yiuf but do no damage. You squeeze Crazy Yiuf.
Crazy Yiuf is moderately wounded.
You constrict Crazy Yiuf.
Crazy Yiuf yells, "Line!
Hack illywillydillykilly poople."
Crazy Yiuf hits you with a +2 quarterstaff of chaos!
You take 11 damage, and have 16/27 hp.
MASSIVE DAMAGE!!
You hit Crazy Yiuf.
Crazy Yiuf is severely wounded.
You constrict Crazy Yiuf.
Crazy Yiuf hits you with a +2 quarterstaff of chaos!
* * * LOW HITPOINT WARNING * * *
You are lethally poisoned!
You take 12 damage, and have 4/27 hp.
MASSIVE DAMAGE!!
It was a potion of might.
You feel very mighty all of a sudden.
You constrict Crazy Yiuf.
* * * LOW HITPOINT WARNING * * *
You feel very sick.
You kill Crazy Yiuf!
Your Fire Magic skill increases to level 1!
You take 3 damage, and have 1/27 hp.
It was a potion of lignification.
You turn into a tree.
Your roots penetrate the ground.
You die...

#.##.# #..####
#.#########... #.#..#
#..# #.###...# ####
#.#.## #..#
#.#...#.######
#.#.#########
######......<.
#.#.#....# ##.######
..#.#.#..# #..#
.........# ###
♣♣####.# ##..#.####
#)..#♣♣ ♣♣....#.#
#.#..#
#...)♣♣♣♣♣.......#
##.#.##
#...#♣..♣......#.#####
#....# ###
♣♣♣.♣...........#
..†### ♣♣♣♣♣####.###..
....## #.#####
..†..######### #....##
.....†.......##
####...
#.#########...## ###.
#.# ##...#########
#####


There were no monsters in sight!

Vanquished Creatures
  Crazy Yiuf (D:3)
  4 adders
  A dart slug (D:1)
  An orc (D:3)
  4 ball pythons
  6 endoplasms
  4 giant cockroaches
  A goblin (D:1)
  2 hobgoblins
  A jackal (D:2)
  3 kobolds
  A quokka (D:2)
  6 bats
  5 rats
40 creatures vanquished.

Notes
Turn   | Place    | Note
-------+----------+-------------------------------------------
     0 | D:1      | Psyclone the Octopode Venom Mage began the quest for the
                  | Orb.
     0 | D:1      | Reached XP level 1. HP: 11/11 MP: 3/3
    19 | D:1      | Reached skill level 4 in Poison Magic
   275 | D:1      | Found Fyasaemi's Antique Weapon Boutique.
   278 | D:1      | Reached XP level 2. HP: 17/17 MP: 3/5
   801 | D:1      | Learned a level 2 spell: Poisonous Vapours
   933 | D:2      | Found a glowing golden altar of the Shining One.
  1038 | D:2      | Reached skill level 5 in Poison Magic
  1038 | D:2      | Reached XP level 3. HP: 8/21 MP: 1/6
  1409 | D:2      | Found Fupison's Antique Weapon Emporium.
  1761 | D:2      | Identified a scroll of acquirement
  1761 | D:2      | Acquired an Everburning Encyclopedia
  1767 | D:2      | Learned a level 3 spell: Ignite Poison
  2044 | D:3      | Reached XP level 4. HP: 15/27 MP: 0/7
  2391 | D:3      | Found a runed translucent door.
  2392 | D:3      | Noticed Crazy Yiuf
  2402 | D:3      | HP: 1/27 [poisoned by Crazy Yiuf]
  2402 | D:3      | Killed Crazy Yiuf
  2403 | D:3      | Reached skill level 1 in Fire Magic
  2403 | D:3      | Succumbed to Crazy Yiuf's poison

Illustrated notes

Levels and vault maps discovered:
D:1:      roderic_dead_forest, layout_loops_ring, serial_shops,
          nicolae_shop_trees
D:2:      layout_basic, serial_shops, shop_statue, basic_altar, st_stairs_7,
          chequers_mini_garden
D:3:      layout_rooms, uniq_crazy_yiuf_cottage

Skill      XL: |  1  2  3  4 |
---------------+-------------+-----
Poison Magic   | 4 5 |  5.8
Fire Magic     | 1 |  1.0
Dodging        | |  2.0
Stealth        | |  2.6
Spellcasting   | |  2.3
Transmutations | |  1.5

Action                     |  1- 3 |  4- 6 || total
---------------------------+-------+-------++-------
  Melee: Unarmed           |     4 |       ||     4
         Tentacles         |    16 |     5 ||    21
         Whip              |    52 |     5 ||    57
         Constrict         |    11 |     5 ||    16
         Dagger            |       |     6 ||     6
         Falchion          |       |     6 ||     6
   Cast: Sting             |     7 |       ||     7
         Poisonous Vapours |    23 |     9 ||    32
    Use: Scroll            |     1 |       ||     1
         Potion            |       |     2 ||     2
   Stab: Sleeping          |     7 |       ||     7
 Armour: Skin              |     7 |     1 ||     8
  Dodge: Dodged            |    42 |    10 ||    52
  Block: Other             |     8 |     5 ||    13
